 Dungeon Crawl Stone Soup version 0.31-a0-424-g41b3b0883d (webtiles) character file.

Game seed: 13449572496305724838

12158 AIAndy the Grappler (level 11, -3/75 HPs)
             Began as an Octopode Shapeshifter on July 30, 2023.
             Was a Priest of Nemelex Xobeh.
             Slain by a fire elemental (12 damage)
             ... summoned by a deep elf pyromancer
             ... on level 12 of the Dungeon.
             The game lasted 00:31:27 (9477 turns).

AIAndy the Grappler (Octopode Shapeshifter)         Turns: 9477, Time: 00:31:28

Health: -3/75      AC:  5    Str: 19    XL:     11   Next: 89%
Magic:  17/17      EV: 23    Int: 10    God:    Nemelex Xobeh [***...]
Gold:   482        SH:  0    Dex: 13    Spells: 10/10 levels left

rFire   + .          .
                       - Unarmed
rCold   . . .        (no shield)
rNeg    . . .        (helmet currently unavailable)
rPois   +            q - amulet of the acrobat
rElec   .            C - ring of protection from cold
rCorr   .            E - +5 ring of evasion
SInv    +            O - +4 ring of protection
Will    .....        e - +5 ring of evasion
Stlth   ++           v - ring of see invisible
HPRegen 0.32/turn    P - ring of poison resistance
MPRegen 0.15/turn    F - ring of fire
                     (no ring)

%: acrobat
@: beast-form, hasted, very quick
A: beast (slay +6), almost no armour, amphibious, 8 rings, camouflage 1,
gelatinous body 1, (nimble swimmer 1), tentacles
a: Begin Untransformation, Renounce Religion, Draw Escape, Draw Destruction,
Draw Summoning, Triple Draw


You were on level 12 of the Dungeon.
You worshipped Nemelex Xobeh.
Nemelex Xobeh was most pleased with you.
You were a hulking beast.
You visited 2 branches of the dungeon, and saw 13 of its levels.

You collected 566 gold pieces.
You spent 84 gold pieces at shops.


Innate Abilities, Weirdness & Mutations

You are a hulking beast.
Your limbs bulge with bestial killing power. (Slay +6)
You cannot wear most types of armour.
You are amphibious.
You can wear up to eight rings at the same time.
Your skin changes colour to match your surroundings (Stealth+).
Your rubbery body absorbs attacks. (AC +1, EV +1)
((You are camouflaged when in or above water. (Stealth+)))
You have tentacles for arms and can constrict up to eight enemies at once.


   Skills:
 - Level 7.0 Fighting
 - Level 2.0 Dodging
 + Level 11.2 Unarmed Combat
 + Level 9.1 Invocations
 + Level 9.6 Shapeshifting


You had 10 spell levels left.
You didn't know any spells.
Your spell library contained the following spells:

 Spells                   Type           Power      Damage    Failure   Level
 Sting                    Tmut/Pois      0%         1d3       36%         1
 Blink                    Tloc           0%         N/A       50%         2
 Cigotuvi's Dreadful Rot  Necr/Pois/Air  0%         N/A       50%         2
 Lesser Beckoning         Tloc           0%         N/A       50%         2
 Momentum Strike          Conj/Tloc      0%         3d8       50%         2
 Poisonous Vapours        Pois/Air       0%         N/A       50%         2
 Gell's Gravitas          Tloc           0%         N/A       75%         3
 Teleport Other           Tloc           0%         N/A       75%         3
 Dispel Undead            Necr           0%         3d6       98%         4
 Olgreb's Toxic Radiance  Pois           0%         N/A       98%         4
 Death Channel            Necr           0%         N/A       100%        6

Inventory:

Hand Weapons
 B - a +2 whip of electrocution
Missiles
 c - 23 poisoned darts (quivered)
 x - 3 boomerangs
 y - 3 javelins
 z - 2 throwing nets {=f}
 I - 2 curare-tipped darts {=f}
 J - 2 silver javelins
Jewellery
 e - a +5 ring of evasion (on tentacle)
 q - an amulet of the acrobat (around mantle)
 v - a ring of see invisible (on tentacle)
 C - a ring of protection from cold (left tentacle)
 E - a +5 ring of evasion (right tentacle)
 F - a ring of fire (on tentacle)
 H - an amulet of faith {!P}
 O - a +4 ring of protection (on tentacle)
 P - a ring of poison resistance (on tentacle)
Talismans
 b - a beast talisman (active)
Wands
 a - a wand of acid (4)
 l - a wand of paralysis (5)
 w - a wand of flame (19)
 G - a wand of iceblast (7)
Scrolls
 d - a scroll of vulnerability {unknown}
 g - 2 scrolls of enchant weapon {unknown}
 i - 2 scrolls of immolation {unknown}
 j - 3 scrolls of revelation {unknown}
 m - a scroll of fog {unknown}
 o - 2 scrolls of brand weapon {unknown}
 r - 3 scrolls of enchant armour {unknown}
 t - 4 scrolls of teleportation {@r4}
 u - 3 scrolls of silence {unknown}
 D - a scroll of amnesia {unknown}
 L - a scroll of poison {unknown}
 M - a scroll of noise {unknown}
 N - 6 scrolls of blinking {unknown}
Potions
 f - 7 potions of curing {@q1}
 k - 2 potions of berserk rage {!q}
 n - 2 potions of haste {@q3}
 p - 3 potions of enlightenment
 s - a potion of attraction {!q}
 A - 2 potions of might
 K - a potion of mutation {unknown}

Dungeon Overview and Level Annotations

Branches:
Dungeon (12/15)            Temple (1/1) D:6            Lair (0/5) D:8
    Orc (0/2) D:9

Altars:
Ashenzari
Cheibriados
Dithmenos
Elyvilon
Fedhas
Gozag
Hepliaklqana
Kikubaaqudgha
Makhleb
Nemelex Xobeh
Okawaru
Qazlal
Ru
Sif Muna
Trog
Uskayaw
Vehumet
Wu Jian
Xom
Yredelemnul
Zin
The Shining One

Shops:
D:3 ?[!   D:6 (   D:11 [

Annotations:
D:5 1 runed translucent door, Crazy Yiuf
D:10 2 runed translucent doors, Soborki's ghost, journeyman MiBe
D:12 Nessos

...▒.▒.▒..▒▒▒▒▒...▒▒....
.......▒..▒....>......▒
.....▒▒▒...c..c..°....
.....▒▒▒▒.▒. ....○..
..........▒▒▒ ▒°e○▒
▒.▒▒▒▒.▒▒▒▒ ▒○.☼▒ ▒. ▒.▒
▒§EE▒ ▒ ▒.▒ ▒▒▒▒..)▒ ▒.▒
▒.▒▒▒▒▒...▒h▒▒ ..▒
▒...........▒ ..▒
▒.▒<......▒▒▒ ▒.▒
▒.▒.▒.▒▒..▒ ....
..▒....▒..▒▒▒▒▒▒ ▒.▒
▒▒.▒.▒............ .▒
▒.....▒▒..▒▒▒▒▒▒▒ ▒
▒▒▒▒▒▒▒▒▒▒▒


You could see Nessos (fast), a deep elf pyromancer and 2 fire elementals.


Message History

Your -1 quarterstaff of venom disappears in a puff of smoke!
Aiming: Iceblast
Press: ? - help, Shift-Dir - straight line, f - fire elemental, p - Nessos
Aim: a fire elemental (lightly damaged, summoned)
Okay, then.
Nessos is engulfed in blazing flames.
Nessos shoots an arrow.
The arrow hits you!!
* * * LOW HITPOINT WARNING * * *
The arrow burns you.
* * * LOW HITPOINT WARNING * * *
Aiming: Iceblast
Press: ? - help, Shift-Dir - straight line, p - Nessos The mass of ice explodes!
The iceblast engulfs the fire elemental!
The fire elemental is frozen!
The fire elemental is heavily damaged.
The iceblast engulfs Nessos but does no damage.
Nessos is lightly wounded.
The iceblast engulfs the fire elemental!
The fire elemental is frozen!
The fire elemental is heavily damaged.
Nessos says, "Even if you were a mare, I'd kill you!"
The fire elemental closely misses you. The fire elemental misses you.
Okay, then.
Unknown command.
You feel yourself speed up.
Nessos gestures wildly while chanting.
Nessos blinks!
The fire elemental hits you from afar!
You die...
Your body glows with a rainbow of weird colours and disappears.

Skill      XL: |  1  2  3  4  5  6  7  8  9 10 11 |
---------------+----------------------------------+-----
Unarmed Combat | 4 5 6 8 9 10 11 | 11.2
Shapeshifting  | 4 5 7 8 9 |  9.6
Invocations    | 3 5 7 9 |  9.1
Fighting       | 3 4 6 7 |  7.0
Dodging        | |  2.0

Action                     |  1- 3 |  4- 6 |  7- 9 | 10-12 || total
---------------------------+-------+-------+-------+-------++-------
  Melee: Unarmed           |    38 |    98 |   180 |   237 ||   553
         Constrict         |    12 |    21 |    35 |    32 ||   100
         Tentacles         |    13 |    21 |    32 |    68 ||   134
         Punch             |       |     4 |     5 |    18 ||    27
  Throw: Dart              |     2 |     1 |     3 |       ||     6
 Invoke: Draw Destruction  |       |       |       |     2 ||     2
         Draw Summoning    |       |       |       |     1 ||     1
  Evoke: Wand              |       |       |    11 |    21 ||    32
    Use: Potion            |       |       |     1 |     5 ||     6
         Scroll            |       |       |     5 |     1 ||     6
   Stab: Sleeping          |     5 |     4 |     8 |     3 ||    20
         Paralysed         |       |       |     4 |     3 ||     7
 Armour: Skin              |     4 |     3 |    20 |     8 ||    35
  Dodge: Dodged            |    18 |    64 |   130 |   210 ||   422

Levels and vault maps discovered:
D:1:      saegor_arrival_simple_c, layout_basic
D:2:      layout_rooms, basic_altar, grunt_ministairs_2,
          nicolae_twisty_statue_hallways, uniq_jessica
D:3:      layout_basic, ebering_ecumenical_altar_box, serial_shops, shop, shop,
          shop
D:4:      layout_cave_pools, uniq_duvessa, uniq_ijyb
D:5:      layout_basic, kennysheep_boxes, uniq_crazy_yiuf_cottage
D:6:      layout_basic, minmay_temple_entry_statues_pillars, serial_shops,
          nicolae_shop_bloodbath_and_beyond, uniq_pikel
D:7:      layout_basic
D:8:      layout_rooms, mainiacjoe_overflow_tiny_flanked,
          erik_lair_orcish_takeover, uniq_prince_ribbit1
D:9:      layout_basic, david_orc_3
D:10:     layout_basic, ebering_ghost_disaster_area
D:11:     layout_rooms, serial_shops, shop, uniq_josephine
D:12:     layout_loops_cross, nicolae_qazlal_eye_of_the_storm, uniq_nessos
Temple:   mainiacjoe_temple_starburst

Notes
Turn   | Place    | Note
-------+----------+-------------------------------------------
     0 | D:1      | AIAndy the Octopode Shapeshifter began the quest for the
                  | Orb.
     0 | D:1      | Reached XP level 1. HP: 13/13 MP: 1/1
   110 | D:1      | Reached XP level 2. HP: 18/18 MP: 2/2
   801 | D:2      | Reached XP level 3. HP: 23/23 MP: 3/3
   803 | D:2      | Noticed Jessica
   811 | D:2      | Killed Jessica
   891 | D:2      | Reached skill level 4 in Unarmed Combat
   891 | D:2      | Reached XP level 4. HP: 28/28 MP: 4/4
   949 | D:2      | Found an ancient bone altar of Kikubaaqudgha.
  1527 | D:3      | Noticed a scorpion
  1541 | D:3      | Reached skill level 4 in Shapeshifting
  1545 | D:3      | Killed a scorpion
  1546 | D:3      | Reached XP level 5. HP: 21/33 MP: 5/5
  1556 | D:3      | Found Latir's Distillery.
  1602 | D:3      | Bought a potion of degeneration for 12 gold pieces
  1602 | D:3      | Bought a potion of curing for 36 gold pieces
  1613 | D:3      | Found Aridelip's Antique Armour Emporium.
  1758 | D:3      | Found a faded altar of an unknown god.
  1850 | D:3      | Found Jenir's Magic Scroll Shoppe.
  1856 | D:3      | Bought a scroll of teleportation for 36 gold pieces
  2228 | D:4      | Noticed Ijyb
  2283 | D:4      | Reached skill level 5 in Unarmed Combat
  2283 | D:4      | Reached XP level 6. HP: 33/38 MP: 6/6
  2377 | D:4      | Reached skill level 5 in Shapeshifting
  2402 | D:4      | Reached XP level 7. HP: 28/43 MP: 7/7
  2482 | D:4      | Reached skill level 6 in Unarmed Combat
  2484 | D:4      | Noticed Dowan
  2486 | D:4      | Noticed Duvessa
  2554 | D:4      | Killed Ijyb
  2947 | D:4      | Killed Duvessa
  2953 | D:4      | Killed Dowan
  2954 | D:4      | Reached XP level 8. HP: 43/48 MP: 8/8
  2955 | D:4      | Reached skill level 6 in Shapeshifting
  3297 | D:5      | Entered Level 5 of the Dungeon
  3351 | D:5      | Reached skill level 7 in Unarmed Combat
  3764 | D:5      | Found a runed translucent door.
  3765 | D:5      | Noticed Crazy Yiuf
  4023 | D:6      | Found a staircase to the Ecumenical Temple.
  4035 | Temple   | Entered the Ecumenical Temple
  4090 | Temple   | Became a worshipper of Nemelex Xobeh the Trickster
  4319 | D:6      | Reached skill level 1 in Invocations
  4528 | D:6      | Reached skill level 2 in Fighting
  4762 | D:6      | Noticed Pikel
  4769 | D:6      | Reached skill level 2 in Invocations
  4777 | D:6      | Killed Pikel
  4778 | D:6      | Reached skill level 3 in Fighting
  4778 | D:6      | Reached skill level 8 in Unarmed Combat
  4778 | D:6      | Reached skill level 3 in Invocations
  4778 | D:6      | Reached skill level 7 in Shapeshifting
  4778 | D:6      | Reached XP level 9. HP: 20/57 MP: 9/11
  5043 | D:6      | Found Negujok's Weapon Shop.
  5082 | D:7      | Reached * piety under Nemelex Xobeh
  5129 | D:7      | Received a gift from Nemelex Xobeh
  5164 | D:7      | Noticed a cyclops
  5176 | D:7      | Killed a cyclops
  5177 | D:7      | Reached skill level 4 in Fighting
  5177 | D:7      | Reached skill level 4 in Invocations
  5214 | D:7      | Identified the +4 ring mail of Tartarus {rPois Int+2}
  5760 | D:7      | You fall into a shaft and drop 2 floors!
  5914 | D:8      | Reached skill level 9 in Unarmed Combat
  5914 | D:8      | Reached skill level 5 in Invocations
  5924 | D:8      | Reached XP level 10. HP: 43/65 MP: 13/13
  5926 | D:8      | Reached skill level 5 in Fighting
  6225 | D:7      | Reached skill level 8 in Shapeshifting
  6268 | D:8      | Received a gift from Nemelex Xobeh
  6295 | D:8      | Found a staircase to the Lair.
  6376 | D:8      | Reached skill level 6 in Invocations
  6571 | D:8      | Noticed Prince Ribbit
  6577 | D:8      | Killed Prince Ribbit
  6746 | D:8      | Reached skill level 6 in Fighting
  6849 | D:8      | Reached ** piety under Nemelex Xobeh
  6852 | D:8      | Found a hide-covered altar of Uskayaw.
  7482 | D:9      | Reached skill level 7 in Invocations
  7614 | D:9      | Reached skill level 10 in Unarmed Combat
  7617 | D:9      | Reached XP level 11. HP: 60/74 MP: 16/16
  7794 | D:9      | Found a staircase to the Orcish Mines.
  8112 | D:10     | Entered Level 10 of the Dungeon
  8326 | D:10     | Found a large runed translucent door.
  8326 | D:10     | Found a large runed translucent door.
  8331 | D:10     | Noticed Soborki's ghost (journeyman MiBe)
  8414 | D:10     | Reached skill level 7 in Fighting
  8460 | D:10     | Reached skill level 9 in Shapeshifting
  8738 | D:11     | Found Unateg's Armour Boutique.
  8740 | D:11     | Noticed a cyclops
  8744 | D:11     | Killed a cyclops
  8745 | D:11     | Reached skill level 8 in Invocations
  8755 | D:11     | Noticed Josephine
  8764 | D:11     | Killed Josephine
  8916 | D:11     | Reached *** piety under Nemelex Xobeh
  9191 | D:12     | Noticed a manticore
  9198 | D:12     | Killed a manticore
  9199 | D:12     | Reached skill level 11 in Unarmed Combat
  9457 | D:12     | Noticed a cyclops
  9460 | D:12     | Noticed Nessos
  9464 | D:12     | Reached skill level 9 in Invocations
  9467 | D:12     | Noticed a deep elf pyromancer
  9471 | D:12     | Killed a cyclops
  9477 | D:12     | Slain by a fire elemental

Vanquished Creatures
  Josephine (D:11)
  Pikel (D:6)
  A manticore (D:12)
  3 cyclopes
  A gargoyle (D:11)
  Prince Ribbit (D:8)
  A hornet (D:10)
  A shadow (D:12)
  6 wraiths
  21 yaks
  2 steam dragons
  3 wargs (D:8)
  An acid dragon (D:9)
  A sky beast (D:7)
  Duvessa (D:4)
  5 orc warriors
  2 black bears (D:6)
  2 ogres (D:4)
  2 ice beasts
  2 centaurs
  2 phantoms
  A gnoll sergeant (D:12)
  3 kobold brigands
  4 scorpions
  2 bullfrogs
  Dowan (D:4)
  3 wights (D:9)
  10 killer bees
  2 howler monkeys (D:10)
  A jelly (D:6)
  2 hounds
  6 orc priests
  A gnoll bouda (D:6)
  Jessica (D:2)
  3 iguanas
  2 sleepcaps (D:7)
  Ijyb (D:4)
  12 orc wizards
  15 gnolls
  9 adders
  A white imp (D:7)
  An ufetubus (D:5)
  3 worms
  2 dart slugs
  25 orcs
  4 bats
  8 endoplasms
  5 giant cockroaches
  2 goblins
  10 hobgoblins
  3 jackals
  2 quokkas
  10 ball pythons
  6 frilled lizards
  23 kobolds
  8 rats
252 creatures vanquished.

Vanquished Creatures (others)
  An unseen horror (D:12)
1 creature vanquished.

Grand Total: 253 creatures vanquished

Table legend: (Time is in decaauts)
 A = Elapsed time spent in this place.
 B = Non-inter-level travel time spent in this place.
 C = Inter-level travel time spent in this place.
 D = Time resting spent in this place.
 E = Time spent auto-exploring this place.
 F = Levels seen in this place.
 G = Mean time per level.
                   A        B        C        D        E       F      G
               +--------+--------+--------+--------+--------+-----+--------+
         Total |   9401 |   8839 |    562 |    289 |   6936 |  13 |  723.2 |
       Dungeon |   9293 |   8832 |    461 |    289 |   6936 |  12 |  774.4 |
        Temple |    108 |      7 |    101 |      0 |      0 |   1 |  108.0 |
               +--------+--------+--------+--------+--------+-----+--------+

Top non-repeatable levels by time:
     D:9: 1076 daAuts
     D:3: 1027 daAuts
     D:7: 974 daAuts
     D:6: 959 daAuts
     D:8: 948 daAuts
     D:4: 914 daAuts
     D:1: 792 daAuts
     D:5: 704 daAuts
    D:11: 563 daAuts
     D:2: 546 daAuts
    D:10: 498 daAuts
    D:12: 286 daAuts
  Temple: 108 daAuts

Table legend:
 A = Non-vault XP
 B = Vault XP
 C = Vault XP percentage of total XP
 D = Non-vault monster count
 E = Vault monster count
 F = Vault count percentage of total count
                 A         B        C        D         E       F
            +---------+---------+-------+---------+---------+-------
      Total |   13551 |    3818 |  22.0 |     230 |      23 |   9.1
            +---------+---------+-------+---------+---------+-------
        D:1 |      33 |       0 |   0.0 |      21 |       0 |   0.0
        D:2 |      49 |      39 |  44.3 |      17 |       3 |  15.0
        D:3 |     202 |       0 |   0.0 |      25 |       0 |   0.0
        D:4 |     655 |     241 |  26.9 |      30 |       3 |   9.1
        D:5 |     227 |       0 |   0.0 |       8 |       0 |   0.0
        D:6 |     921 |     685 |  42.7 |      25 |       1 |   3.8
        D:7 |    1407 |       0 |   0.0 |      15 |       0 |   0.0
        D:8 |    2317 |     904 |  28.1 |      28 |       9 |  24.3
        D:9 |    1970 |     177 |   8.2 |      25 |       2 |   7.4
       D:10 |    2043 |       0 |   0.0 |      14 |       0 |   0.0
       D:11 |    1472 |    1772 |  54.6 |      10 |       5 |  33.3
       D:12 |    2255 |       0 |   0.0 |      12 |       0 |   0.0
            +---------+---------+-------+---------+---------+-------
